 Dungeon Crawl Stone Soup version 0.24.0-123-gd5b16e6ec5 (webtiles) character file.

Game seed: 10048837473069769457, levelgen mode: deterministic

504 FishyPogo the Skirmisher (level 6, -2/48 HPs)
             Began as a Demonspawn Venom Mage on Jan 12, 2020.
             Slain by a wyvern (14 damage)
             ... on level 5 of the Dungeon.
             The game lasted 00:14:35 (3300 turns).

FishyPogo the Skirmisher (Demonspawn Venom Mage)    Turns: 3300, Time: 00:14:36

Health: -2/48      AC:  6    Str: 11    XL:     6   Next: 96%
Magic:  0/9        EV: 13    Int: 16    God:
Gold:   227        SH:  4    Dex: 13    Spells: 3/9 levels left

rFire    + . .     SeeInvis .   g - +2 great mace (crush)
rCold    + . .     Gourm    .   (shield currently unavailable)
rNeg     . . .     Faith    .   d - +1 leather armour {rC+}
rPois    .         Spirit   .   (helmet restricted)
rElec    .         Reflect  .   (no cloak)
rCorr    .         Harm     .   (no gloves)
MR       .....                  l - +1 pair of boots
Stlth    ++........             (no amulet)
HPRegen  0.16/turn              v - ring of protection from fire
MPRegen  0.11/turn              (no ring)

@: very slightly contaminated
A: antennae 1, large bone plates 1, rot immunity
a: no special abilities


You were on level 5 of the Dungeon.
You were not hungry.

You visited 1 branch of the dungeon, and saw 5 of its levels.

You collected 227 gold pieces.

Inventory:

Hand Weapons
 f - a +0 dagger
 g - a +2 great mace of crushing (weapon)
Missiles
 b - 11 boomerangs (quivered)
 e - 6 javelins
 o - 62 stones
 q - 42 poisoned darts
Armour
 d - a +1 leather armour of cold resistance (worn)
 l - a +1 pair of boots (worn)
Jewellery
 v - a ring of protection from fire (left hand)
Scrolls
 a - 2 scrolls of identify {unknown}
 h - 2 scrolls of fear {unknown}
 i - 3 scrolls of magic mapping {unknown}
 m - 3 scrolls of remove curse {unknown}
 n - a scroll of enchant armour {unknown}
 r - a scroll of immolation {unknown}
 t - a scroll of teleportation {unknown}
 u - a scroll of enchant weapon {unknown}
 x - a scroll of amnesia {unknown}
 y - a scroll of blinking {unknown}
Potions
 j - 2 potions of curing {unknown}
 k - a potion of magic {unknown}
 p - a potion of lignification {unknown}
 s - 2 potions of degeneration {unknown}
 w - a potion of agility {unknown}
 A - a potion of might {unknown}
Comestibles
 c - 8 rations
 z - 2 chunks of flesh


   Skills:
 * Level 4.1 Fighting
 - Level 2.0 Short Blades
 * Level 3.6 Armour
 + Level 3.2 Dodging
 - Level 2.0 Stealth
 - Level 2.0 Spellcasting
 - Level 1.0 Conjurations
 - Level 3.0 Poison Magic


You had 3 spell levels left.
You knew the following spells:

 Your Spells              Type           Power        Failure   Level  Hunger
a - Sting                 Conj/Pois      #...         12%         1    #......
b - Poisonous Vapours     Pois/Air       #.....       22%         2    ###....
c - Mephitic Cloud        Conj/Pois/Air  #.......     41%         3    ###....

Your spell library contained the following spells:

 Spells                   Type           Power        Failure   Level  Hunger
 Olgreb's Toxic Radiance  Pois           ##......     58%         4    #####..
 Venom Bolt               Conj/Pois      #.........   97%         5    ######.


Dungeon Overview and Level Annotations

Branches:
Dungeon (5/15)
 Temple: D:4-7

Altars:
Uskayaw
The Shining One


Innate Abilities, Weirdness & Mutations

You have a pair of small antennae on your head.
You are partially covered in large bone plates. (SH +4)
You are immune to rotting.


Message History

Aim: a wyvern (moderately wounded, poisoned)
The sting misses the wyvern.
The wyvern bites you!
You closely miss the wyvern.
The wyvern is moderately wounded.
The wyvern bites you! You block the wyvern's attack. The wyvern bites you.
Casting: Sting (safe; 12% risk of failure)
Confirm with . or Enter, or press ? or * to list all spells.
Aiming: Sting (safe; 12% risk of failure)
Press: ? - help, Shift-Dir - straight line, f/p - wyvern
Aim: a wyvern (lightly wounded, poisoned)
The sting hits the wyvern but does no damage.
The wyvern looks even sicker.
The wyvern is lightly wounded.
The wyvern closely misses you.
You thump the wyvern!
The wyvern is severely wounded.
The wyvern bites you.
* * * LOW HITPOINT WARNING * * *
The wyvern bites you!
You die...

... $.. ..# #.#
.### #.#
.....##.##
#..l..######
#@......#
#.#####.(
#.....##
#####..###
##...# #######
###.###......
#..##......
##.##......
######)##......


You could see a wyvern.

Vanquished Creatures
  2 ogres (D:4)
  A scorpion (D:4)
  A howler monkey (D:5)
  A hound (D:4)
  An orc priest (D:2)
  A centaur skeleton (D:4)
  A worker ant (D:4)
  5 adders
  3 worms
  5 dart slugs
  6 orcs
  3 giant cockroaches
  5 goblins
  11 hobgoblins
  5 jackals
  A quokka (D:4)
  6 bats
  6 frilled lizards
  A jackal skeleton (D:5)
  6 kobolds
  6 rats
77 creatures vanquished.

Notes
Turn   | Place    | Note
-------+----------+-------------------------------------------
     0 | D:1      | FishyPogo the Demonspawn Venom Mage began the quest for the
                  | Orb.
     0 | D:1      | Reached XP level 1. HP: 13/13 MP: 3/3
   285 | D:1      | Gained mutation: You are partially covered in large bone
                  | plates. (SH +4) [demonic ancestry]
   285 | D:1      | Reached XP level 2. HP: 20/20 MP: 1/5
   460 | D:1      | Reached skill level 1 in Fighting
   638 | D:1      | Reached skill level 1 in Armour
   638 | D:1      | Gained mutation: You have a pair of small antennae on your
                  | head. [demonic ancestry]
   638 | D:1      | Reached XP level 3. HP: 19/26 MP: 1/6
  1014 | D:2      | Reached skill level 2 in Fighting
  1014 | D:2      | Reached skill level 1 in Short Blades
  1014 | D:2      | Reached XP level 4. HP: 10/33 MP: 0/7
  1292 | D:2      | Found a glowing golden altar of the Shining One.
  2014 | D:3      | Learned a level 2 spell: Poisonous Vapours
  2074 | D:3      | Found a hide-covered altar of Uskayaw.
  2181 | D:3      | Reached XP level 5. HP: 34/39 MP: 2/8
  2435 | D:4      | Reached skill level 3 in Fighting
  2756 | D:4      | Noticed an ogre
  2766 | D:4      | Killed an ogre
  2766 | D:4      | Gained mutation: You are immune to rotting. [demonic
                  | ancestry]
  2766 | D:4      | Reached XP level 6. HP: 21/47 MP: 0/9
  2942 | D:4      | Learned a level 3 spell: Mephitic Cloud
  3235 | D:5      | Entered Level 5 of the Dungeon
  3240 | D:5      | Reached skill level 4 in Fighting
  3293 | D:5      | Noticed a wyvern
  3300 | D:5      | Slain by a wyvern

Levels and vault maps discovered:
D:1:      elethiomel_arrival_shortcut, layout_rooms, chequers_arboretum
D:2:      layout_basic, nicolae_overflow_crystal_walls
D:3:      layout_basic, elyvilon_altar_1, marbit_many_paths, chequers_big_river
D:4:      layout_loops_cross, first_ration, hangedman_decor_peaks_small
D:5:      layout_rooms

Skill      XL: |  1  2  3  4  5  6 |
---------------+-------------------+-----
Stealth        | 2 |  2.0
Fighting       | 1 2 3 4 |  4.1
Dodging        | 2 3 |  3.2
Armour         | 1 2 3 |  3.6
Short Blades   | 1 2 |  2.0
Spellcasting   | |  2.0
Conjurations   | |  1.0
Poison Magic   | |  3.0

Action                   |  1- 3 |  4- 6 || total
-------------------------+-------+-------++-------
Melee: Unarmed           |     1 |       ||     1
       Dagger            |    62 |   104 ||   166
       Great mace        |       |    29 ||    29
 Cast: Sting             |    61 |    97 ||   158
       Poisonous Vapours |       |     5 ||     5
 Stab: Sleeping          |     1 |     1 ||     2
  Eat: Chunk             |     1 |    10 ||    11
Armor: Leather armour    |    25 |    47 ||    72
Dodge: Dodged            |    49 |    99 ||   148
Block: Other             |    11 |    35 ||    46
